 Dungeon Crawl Stone Soup version 0.30-a0-1160-g6e42c06551 (webtiles) character file.

Game seed: 5968207052280632744

25 IdlyInterested the Ducker (level 2, 0/22 HPs)
             Began as a Demonspawn Gladiator on Apr 26, 2023.
             Slain by an adder (1 damage)
             ... on level 2 of the Dungeon.
             The game lasted 00:03:49 (1014 turns).

IdlyInterested the Ducker (Demonspawn Gladiator)    Turns: 1014, Time: 00:03:50

Health: 0/22       AC:  4    Str: 14    XL:     2   Next: 86%
Magic:  2/2        EV: 12    Int:  9    God:
Gold:   25         SH:  0    Dex: 16    Spells: 1/1 levels left

rFire   . . .        q - +3 dagger
rCold   . . .        (no shield)
rNeg    . . .        b - +0 leather armour
rPois   .            c - +0 helmet
rElec   .            (no cloak)
rCorr   .            (no gloves)
SInv    .            (no boots)
Will    .....        (no amulet)
Stlth   +++          (no ring)
HPRegen 0.23/turn    (no ring)
MPRegen 0.08/turn

%: no passive effects
@: lethally poisoned (0 -> -4), attractive
A: thin skeletal structure 1
a: no special abilities


You were on level 2 of the Dungeon.
You visited 1 branch of the dungeon, and saw 2 of its levels.

You collected 25 gold pieces.

Inventory:

Hand Weapons
 a - a +0 rapier
 f - a +0 short sword
 p - a +0 hand axe of electrocution
 q - a +3 dagger (weapon)
Missiles
 d - 3 throwing nets
 e - a javelin
 i - 4 boomerangs (quivered)
 n - 6 stones
Armour
 b - a +0 leather armour (worn)
 c - a +0 helmet (worn)
Jewellery
 s - an amulet of faith
Scrolls
 j - a scroll of enchant weapon {unknown}
 k - a scroll of silence {unknown}
 l - a scroll of teleportation {unknown}
 o - a scroll of blinking {unknown}
 r - a scroll of immolation {unknown}
 u - a scroll of poison {unknown}
Potions
 g - a potion of magic
 h - a potion of cancellation {unknown}
 m - a potion of curing {unknown}
 t - a potion of attraction


   Skills:
 - Level 2.0 Fighting
 + Level 2.7 Short Blades
 - Level 2.0 Throwing
 - Level 1.0 Armour
 - Level 3.0 Dodging
 - Level 1.0 Stealth
 - Level 1.0 Evocations


You had one spell level left.
You didn't know any spells.
Your spell library was empty.

Dungeon Overview and Level Annotations

Branches:
Dungeon (2/15)

Altars:


Innate Abilities, Weirdness & Mutations

You have a somewhat thin skeletal structure. (Dex +2, Stealth+)


Message History

You are poisoned.
The adder poisons you!
You barely miss the adder.
The adder is moderately wounded.
You feel sick. The adder bites you.
You are more poisoned.
The adder poisons you!
You hit the adder.
The adder is heavily wounded.
You feel sick. The adder barely misses you.
You hit the adder.
The adder is almost dead.
You feel sick. The adder bites you but does no damage.
You barely miss the adder.
The adder is almost dead.
You feel sick. The adder bites you but does no damage.
You barely miss the adder.
The adder is almost dead.
You feel sick. The adder misses you. The adder barely misses you.
You barely miss the adder.
The adder is almost dead.
The adder closely misses you.
You barely miss the adder.
The adder is almost dead.
You feel sick. The adder bites you.
* * * LOW HITPOINT WARNING * * *
You are lethally poisoned!
The adder poisons you!
You closely miss the adder.
The adder is almost dead.
* * * LOW HITPOINT WARNING * * *
You feel sick. The adder bites you but does no damage.
It was a potion of magic.
Magic courses through your body.
* * * LOW HITPOINT WARNING * * *
You feel sick. The adder closely misses you.
It was a potion of attraction.
You feel attractive to monsters.
* * * LOW HITPOINT WARNING * * *
You feel sick. The adder misses you. The adder bites you.
You die...

#..........#
###.J........###
.....###.#......#
#........######.#
+........# #.#
#........#
###.###
#......JJ#
#.....# ##.####S#
#.....# #.
#@####.....# #
#.#..+.....#
#.#..#.....#
#.#..#.....#
#.#..#.....##
#.#...........
#.#..#########
#.#..........
#.##.#######.


You could see an adder and 2 endoplasms.

Vanquished Creatures
  A worm (D:2)
  2 bats
  3 endoplasms (D:1)
  3 giant cockroaches
  A goblin (D:1)
  3 hobgoblins (D:1)
  A frilled lizard (D:1)
  4 kobolds (D:1)
  2 rats (D:1)
20 creatures vanquished.

Notes
Turn   | Place    | Note
-------+----------+-------------------------------------------
     0 | D:1      | IdlyInterested the Demonspawn Gladiator began the quest for
                  | the Orb.
     0 | D:1      | Reached XP level 1. HP: 16/16 MP: 1/1
   145 | D:1      | Found a faded altar of an unknown god.
   152 | D:1      | Reached skill level 1 in Evocations
   209 | D:1      | Gained mutation: You have a somewhat thin skeletal
                  | structure. (Dex +2, Stealth+) [demonic ancestry]
   209 | D:1      | Reached XP level 2. HP: 21/22 MP: 2/2
   250 | D:1      | Reached skill level 1 in Stealth
   528 | D:1      | Reached skill level 3 in Dodging
  1001 | D:2      | Reached skill level 1 in Armour
  1014 | D:2      | HP: 1/22 [poisoned by an adder]
  1014 | D:2      | Slain by an adder

Illustrated notes

Levels and vault maps discovered:
D:1:      tarquinn_simple_flora_water_b, layout_basic,
          shapermc_ecumenical_altar_starsandcircs, minmay_octomino_j4
D:2:      layout_basic, minmay_worlds_worst_comb

Skill      XL: |  1  2 |
---------------+-------+-----
Throwing       | 2 |  2.0
Evocations     | 1 |  1.0
Stealth        | 1 |  1.0
Dodging        | 3 |  3.0
Armour         | 1 |  1.0
Fighting       | |  2.0
Short Blades   | |  2.7

Action                     || total
---------------------------++-------
  Melee: Rapier            ||    42
         Dagger            ||    36
  Throw: Stone             ||     5
    Use: Potion            ||     2
   Stab: Sleeping          ||     6
 Armour: Leather armour    ||    26
  Dodge: Dodged            ||    47

Table legend: (Time is in decaauts)
 A = Elapsed time spent in this place.
 B = Non-inter-level travel time spent in this place.
 C = Inter-level travel time spent in this place.
 D = Time resting spent in this place.
 E = Time spent auto-exploring this place.
 F = Levels seen in this place.
 G = Mean time per level.
                   A        B        C        D        E       F      G
               +--------+--------+--------+--------+--------+-----+--------+
         Total |   1012 |    924 |     88 |     97 |    590 |   2 |  506.0 |
       Dungeon |   1012 |    924 |     88 |     97 |    590 |   2 |  506.0 |
               +--------+--------+--------+--------+--------+-----+--------+

Top non-repeatable levels by time:
     D:1: 936 daAuts
     D:2: 75 daAuts
